cohdb
Replays
Latest Replays
All Replays
Popular Replays
Top Player Replays
Match Explorer
How It Works
Community
CoH3 Stats
Reddit
Sign in to upload your games and track your stats! →
Sign in with Steam
Match 27477935
Unlisted
Match 27477935
Overview
Messages
Build Orders
End
Selects Mechanized Battlegroup
Construct Infanterie Kompanie
Grenadier Squad
MG 42 Machine Gun Team
Grenadier Squad
Grenadier Squad
Construct Panzergrenadier Kompanie
Selects Spotting Scopes
251 Medium Carrier
Infanterie Officer Quarters
Panzergrenadier Squad
Panzergrenadier Squad
Panzergrenadier Officer Quarters
Panzergrenadier Squad
Orano
Ottomatic
徐lei
baby blue
JR1
Guardians_folly
ProjectGemini07
Insurmountable Odds
0
0
Comments
sign in to comment!
No comments posted yet!